[Event "Early-Titled-Tuesday-Blitz-January-23-2024"]
[Site "Chess.com"]
[Date "2024.01.23"]
[Round "4"]
[White "Sofia_Blokhin"]
[Black "NtcPou"]
[Result "1/2-1/2"]
[WhiteElo "2298"]
[BlackElo "2005"]
[TimeControl "180+1"]
[EndTime "8:40:01 PST"]
[Termination "Game drawn by repetition"]

1. d4 d5 2. c4 c6 3. Nc3 Nf6 4.
e3 a6 5. cxd5 cxd5 6. Bd3 Nc6 7.
Nf3 Bg4 8. h3 Bh5 9. O-O e6 10. Be2 Bd6 11. a3 O-O 12. b4 Rc8 13.
Na4 Ne4 14. Bb2 Ne7 15. Nc5 Rb8 16. Nxe4 dxe4 17. Nd2 Bg6 18. Bh5 Rc8 19. Bxg6 hxg6 20. Nxe4 Bb8 21. Qf3 Nf5 22. Rac1 Qd7 23. g4 Nd6 24.
Ng5 f6 25. Ne4 g5 26. Qg2 Kf7 27. f4 gxf4 28. exf4 Rh8 29. Qf3 Rcd8 30. Nxd6+ Qxd6 31. g5 Rh4 32. Qg3 Rxf4 33. g6+ Ke7 34. Rxf4 Qxf4 35. Qxf4 Bxf4 36. Rf1 Bg5 37. Rd1 Rd5 38. Kf2 e5 39.
Kf3 exd4 40. Ke4 Rd7 41. Bxd4 Ke6 42. Rf1 Rc7 43. Rf5 Rc2 44. Rf1 Ra2 45. Rf3 Bh4 46. Rf4 Bg5 47. Rf3 Kd6 48. Rf5 Kc6 49. Rf3 Kb5 50.
h4 Bxh4 51. Rh3 Bg5 52. Rh7 Rxa3 53. Rxg7 Kc4 54. Rf7 Kxb4 55. Bxf6 Bxf6 56. Rxf6 Ra1 57. g7 Re1+ 58. Kf5 Rf1+ 59. Kg6 Rg1+ 60. Kf7 b5 61. g8=Q Rxg8 62. Kxg8 a5 63. Kf7 a4 64. Ke6 a3 65.
Kd5 a2 66. Rf1 Ka3 67. Kd4 Kb2 68. Rf2+ Kb3 69. Rf3+ Ka4 70. Rf1 Kb3 71. Rf3+ Kb2 72. Rf2+ Kb1 73. Rf1+ Kc2 74. Rf2+ Kb3 75. Rf3+ 1/2-1/2

[Event "Early-Titled-Tuesday-Blitz-January-23-2024"]
[Site "Chess.com"]
[Date "2024.01.23"]
[Round "4"]
[White "tptagain"]
[Black "FairChess_on_YouTube"]
[Result "1-0"]
[WhiteElo "2923"]
[BlackElo "3102"]
[TimeControl "180+1"]
[EndTime "8:40:06 PST"]
[Termination "tptagain won on time"]

1. Nf3 b5 2. e4 Bb7 3. Bxb5 Bxe4 4. O-O c6 5. Ba4 Qa5 6. Bb3 Qh5 7. d4 Bxf3 8. Qxf3 Qxf3 9. gxf3 Nf6 10. c4 e6 11.
d5 Bc5 12. Nc3 a5 13. Rd1 O-O 14. Bg5 Na6 15. Ba4 Rfc8 16. dxc6 dxc6 17. Kg2 h6 18.
Bxf6 gxf6 19. Ne4 f5 20. Nf6+ Kg7 21. Nd7 Rc7 22. f4 Be7 23. Ne5 Rac8 24. Rd2 Nc5 25.
Bc2 Bf6 26. Rad1 Rb8 27. b3 a4 28. Rb1 Bxe5 29. fxe5 Rcb7 30. Rd6 Rb6 31. Rc1 axb3 32. axb3 Nxb3 33. Bxb3 Rxb3 34. Rxc6 Rb2 35. Rc3 R8b3 36. Rxb3 Rxb3 37. c5 Rc3 38. Rc8 f4 39. c6 Kg6 40. f3 Kf5 41. Rf8 Kxe5 42. Rxf7 Rxc6 43. Rh7 Kd4 44. Rxh6 Ke3 45. h4 Rc2+ 46. Kh3 e5 47.
Re6 Kxf3 48. Rxe5 Rc1 49. Kh2 Rc2+ 50. Kh3 Rc1 51. Kh2 Kf2 52. Ra5 f3 53. Ra2+ Ke3 54.
Ra3+ Kf4 55. Ra4+ Ke3 56. Ra3+ Ke2 57. Ra2+ Ke1 58. Kg3 Rc3 59. Rf2 Rc8 60. Rxf3 Rg8+ 61. Kf4 Ke2 62. Rh3 Rf8+ 63. Ke4 Re8+ 64. Kf5 Rf8+ 65.
Kg6 Rg8+ 66. Kf7 Rh8 67. h5 Kf2 68. h6 Kg2 69. Rh5 Kf3 70. Kg7 Ra8 71. h7 Ra7+ 72. Kf6 Ra6+ 73. Ke7 Ra7+ 74. Kd6 Ra6+ 75. Kc7 Ra7+ 76.
Kb6 Rxh7 77. Rxh7 Ke4 78. Kc6 1-0

[Event "Early-Titled-Tuesday-Blitz-January-23-2024"]
[Site "Chess.com"]
[Date "2024.01.23"]
[Round "4"]
[White "Mihajlovskij"]
[Black "Let_it_be_1"]
[Result "0-1"]
[WhiteElo "2229"]
[BlackElo "2586"]
[TimeControl "180+1"]
[EndTime "8:40:09 PST"]
[Termination "Let_it_be_1 won on time"]

1. e4 e6 2. d4 d5 3. Nd2 Nf6 4. e5 Nfd7 5. f4 c5 6. c3 Nc6 7. Ndf3 Qb6 8. g3 Be7 9. Bh3 O-O 10.
Ne2 Kh8 11. Kf1 f6 12. Kg2 cxd4 13. cxd4 f5 14. Nc3 Qd8 15. a3 Nb6 16. b3 Bd7 17. Bb2 a5 18. Kf2 Rc8 19. Bf1 a4 20. b4 Na7 21. Be2 Qe8 22. Kg2 Nb5 23. Rc1 Nxc3 24.
Rxc3 Rxc3 25. Bxc3 Bb5 26. Qf1 Bxe2 27. Qxe2 Nc4 28.
Ra1 Qc6 29. Qd3 Rc8 30. Be1 Nb2 31. Qd2 Qc2 32. Ra2 Qxd2+ 33. Bxd2 Nd3 34. Kf1 Nc1 35. Rb2 Nb3 36. Ke2 b5 37. Ne1 Nxd4+ 38. Kd3 Nb3 39. Bc3 Bd8 40. Nf3 Bb6 41. Ng5 Rc6 42. Rg2 h6 43.
Nf7+ Kg8 44. Nd6 d4 45. Bb2 Nc1+ 46. Bxc1 Rxc1 47. Nxb5 Kf7 48. Rd2 Ra1 49. Nd6+ Kg6 50. Nc4 Ba7 51. b5 Rb1 52. Rb2 Rxb2 53. Nxb2 Kh5 54.
Nc4 Kg4 55. b6 Bb8 56. Nb2 g5 57. Nxa4 gxf4 58. gxf4 Kxf4 59. Nc5 Bxe5 60. Nxe6+ Kf3 61. a4 Kg2 62. a5 f4 63. a6 f3 64. a7 f2 65.
a8=Q+ Kxh2 66. Qf3 Kg1 67. b7 f1=Q+ 68. Qxf1+ Kxf1 0-1

[Event "Early-Titled-Tuesday-Blitz-January-23-2024"]
[Site "Chess.com"]
[Date "2024.01.23"]
[Round "4"]
[White "Paladin61"]
[Black "Sina_Movahed"]
[Result "1-0"]
[WhiteElo "2754"]
[BlackElo "2967"]
[TimeControl "180+1"]
[EndTime "8:40:16 PST"]
[Termination "Paladin61 won by resignation"]

1. d4 Nf6 2. Nf3 g6 3. Bf4 Bg7 4. e3 O-O 5. Be2 d6 6. O-O c5 7. c3 Nh5 8. Bg5 h6 9. Bh4 Nc6 10. Nfd2 Nf6 11. a4 b6 12. Na3 Bb7 13. Bf3 Rc8 14. Rc1 Ba8 15. Re1 Qd7 16. h3 Rfe8 17. Ndc4 Rcd8 18. d5 Ne5 19. Nxe5 dxe5 20. e4 Rf8 21. b4 Rc8 22. b5 Ne8 23. Nc4 Nd6 24. Nxd6 exd6 25. c4 f5 26. Bg3 Bb7 27. a5 Kh7 28. a6 Ba8 29. exf5 gxf5 30. Qc2 Kh8 31. Kh1 Bf6 32. Bh2 Rg8 33. g4 Rcf8 34. Rg1 f4 35. Be4 Bh4 36. f3 Qe7 37. Rg2 Rg7 38. Bg1 Qf6 39.
Bf2 Bg5 40. Qc3 h5 41. gxh5 Qh6 42. Rg4 Qxh5 43. Kg2 Rfg8 44. Rh1 Bf6 45. Qd3 Rg5 46. Kf1 R5g7 47. Ke2 Be7 48. Qd1 Bf6 49. Rhg1 Be7 50.
Rxg7 Rxg7 51. Rxg7 Kxg7 52. Qg1+ Kf8 53. Qg4 Qxg4 54.
fxg4 Kg7 55. h4 Kf8 56. g5 Kg7 57. Kf3 Kf7 58. Kg4 Bb7 59. h5 Bc8+ 60. Bf5 Bxf5+ 61. Kxf5 Kg7 62. Be1 Bd8 63. Bh4 f3 64. Ke4 Bxg5 65.
Bf2 Kh6 66. Kxf3 Kxh5 67. Ke4 Kg4 68. Be1 Bf4 69. Bc3 Kg3 70. Ba5 bxa5 71. b6 a4 72. b7 a3 73. b8=Q a2 74. Qb2 1-0

[Event "Early-Titled-Tuesday-Blitz-January-23-2024"]
[Site "Chess.com"]
[Date "2024.01.23"]
[Round "4"]
[White "Goryachkina"]
[Black "Zhigalko_Sergei"]
[Result "0-1"]
[WhiteElo "2697"]
[BlackElo "2979"]
[TimeControl "180+1"]
[EndTime "8:40:16 PST"]
[Termination "Zhigalko_Sergei won on time"]

1. e4 c5 2. Nf3 Nc6 3. Bb5 Nf6 4. Bxc6 dxc6 5. d3 Bg4 6. h3 Bh5 7. Nbd2 Qc7 8. O-O Nd7 9. b3 e5 10. Bb2 f6 11. Qe1 Be7 12. Nh4 Nf8 13. Nf5 Ne6 14. Nxe7 Qxe7 15. Qe3 O-O 16. Kh2 Rad8 17. a4 b6 18. Nc4 Rd7 19. Qg3 Kh8 20. f3 Bf7 21.
Rf2 Rg8 22. Ne3 Qd8 23. Rff1 Nf4 24. Qf2 Be6 25. Rad1 Qe8 26. Qh4 g5 27. Qg3 Qh5 28. Ng4 Rg6 29. Nxf6 Rxf6 30. Bxe5 Kg7 31. d4 cxd4 32.
Rxd4 Rf7 33. Rd6 Qg6 34. Rfd1 c5 35. Bb2 Kh6 36. Rc6 Nh5 37. Qe1 Rxf3 38. gxf3 Rxf3 39. Rdd6 Rxh3+ 40. Kg1 Nf4 41. Rxe6 Nxe6 42. Qe2 Rh4 43. Qc4 Rxe4 44. Qd3 Rg4+ 45. Kf1 Rf4+ 46. Kg1 Rg4+ 47. Kf1 Re4 48. Qh3+ Rh4 49. Qd3 Rf4+ 50. Kg1 Qe4 51. Qxe4 Rxe4 52. a5 bxa5 53. Ra6 Kh5 54. Rxa5 Re2 55.
Bf6 Rxc2 56. Rxa7 h6 57. Re7 Nf4 58. Re8 Kg6 59. Be5 Nd3 60. Bd6 Rc3 61. Rg8+ Kf7 62. Rh8 Kg7 63. Rb8 Kg6 64. Rg8+ Kh5 65. Rb8 Rc2 66. Bf8 Kg4 67. Bxh6 Nf4 68. Bf8 Ne6 69. Bd6 Nd4 70. Rc8 Nf3+ 71. Kf1 Nd2+ 72. Ke1 Nxb3 0-1

[Event "Early-Titled-Tuesday-Blitz-January-23-2024"]
[Site "Chess.com"]
[Date "2024.01.23"]
[Round "4"]
[White "Statham_01"]
[Black "Rurep26"]
[Result "1-0"]
[WhiteElo "2539"]
[BlackElo "2756"]
[TimeControl "180+1"]
[EndTime "8:40:18 PST"]
[Termination "Statham_01 won by resignation"]

1. Nc3 d5 2. d4 e6 3. e4 Bb4 4. Qg4 Nf6 5. Qxg7 Rg8 6. Qh6 Rg6 7. Qh4 Nxe4 8. Qxd8+ Kxd8 9. Ne2 c5 10. a3 Bxc3+ 11. bxc3 Nc6 12. f3 Nf6 13. Be3 cxd4 14. cxd4 Bd7 15. Rb1 b6 16. Nf4 Rg8 17. Ba6 Ke7 18.
Kf2 Na5 19. Bd2 Nc6 20. Bb7 Rab8 21. Bxc6 Bxc6 22. Rhe1 Ba4 23. Bb4+ Kd7 24. Nd3 Rbc8 25. Ne5+ Ke8 26. Re2 Nd7 27. Ng4 h5 28. Ne3 Nf6 29. c4 Bc6 30. Nf5 dxc4 31. Nd6+ Kd7 32. Nxf7 Bd5 33.
Ne5+ Kc7 34. a4 Kd8 35. a5 Rg7 36. axb6 axb6 37. Bd2 c3 38. Bh6 Rg8 39. Rxb6 Ke7 40. Rc2 Ba8 41. h4 Nd5 42. Rb1 Rb8 43. Bg5+ Kd6 44.
Nf7+ Kd7 45. Ne5+ Kc7 46. Rxb8 Rxb8 47. Nc4 Rb4 48. Ne3 Rxd4 49. Nxd5+ Bxd5 50. Rxc3+ Kd7 51. Kg3 Ra4 52. Bf4 Ra7 53. Be5 Ke7 54. Kf4 Kf7 55.
Kg5 Ra5 56. Rc7+ Ke8 57. Kf6 Kd8 58. Rh7 Ra2 59. Rg7 Rf2 60. Bc7+ Kc8 61. Be5 Kd8 62.
Rg8+ Kd7 63. Rg7+ Kc6 64. Rg5 Kb5 65. Kg7 Kc4 66. Kh6 Kd3 67. Kxh5 Ke2 68. Kg6 Kf1 69. h5 Rxg2 70. Rxg2 Kxg2 71. f4 Bf3 72. h6 Be4+ 73. Kg7 Bf5 74. h7 1-0

[Event "Early-Titled-Tuesday-Blitz-January-23-2024"]
[Site "Chess.com"]
[Date "2024.01.23"]
[Round "4"]
[White "SaqoChess_Twitch"]
[Black "Balla_Tamas"]
[Result "0-1"]
[WhiteElo "2618"]
[BlackElo "2469"]
[TimeControl "180+1"]
[EndTime "8:40:23 PST"]
[Termination "Balla_Tamas won by checkmate"]

1. d4 d5 2. c4 e6 3. Nc3 c5 4.
cxd5 exd5 5. Nf3 Nc6 6. g3 Nf6 7. Bg2 cxd4 8. Nxd4 Bc5 9. Nxc6 bxc6 10. O-O O-O 11.
a3 Re8 12. b4 Bb6 13. Bb2 Ba6 14. Bf3 Bc4 15. Re1 Qd7 16. Na4 Qf5 17. Nxb6 axb6 18. Qd4 Rab8 19. a4 c5 20. Qd2 Ne4 21. Bxe4 Qxe4 22.
f3 Qg6 23. Ba3 Qf6 24. bxc5 Rxe2 25. Rxe2 Qxa1+ 26. Qe1 Qd4+ 27. Rf2 bxc5 28. Bb2 Qd3 29. Qe5 Qb1+ 30. Kg2 Bf1+ 31. Rxf1 Rxb2+ 32. Rf2 Rxf2+ 33. Kxf2 Qa2+ 34. Kg1 h6 35. Qe8+ Kh7 36. Qxf7 Qb1+ 37. Kg2 d4 38. a5 d3 39. Qf5+ Kg8 40. Qd5+ Kh8 41. Qa8+ Kh7 42. Qe4+ Kg8 43. a6 Qa2+ 44. Kh3 Qxa6 45. Qd5+ Kh7 46. Qxc5 Qe6+ 47. g4 Qg6 48. Qd5 Qf6 49. Qxd3+ Kg8 50. Kg2 Kh8 51. Qe3 Qb2+ 52. Qf2 Qf6 53. h4 Qe6 54. h5 Qf6 55. Qg3 Qe6 56.
Qf4 Qe2+ 57. Kh3 Qf1+ 58. Kg3 Qg1+ 59. Kh3 Qh1+ 60. Kg3 Qg1+ 61. Kh3 Qh1+ 62. Qh2 Qxf3+ 63. Kh4 Qf6+ 64. Kg3 Qe5+ 65. Kh3 Qe3+ 66. Qg3 Qe8 67. Qf3 Qd8 68. Qe3 Qf8 69. g5 Qf1+ 70. Kh2 hxg5 71.
Qe8+ Kh7 72. Qg6+ Kh8 73. Qe8+ Kh7 74. Qg6+ Kh8 75. Qxg5 Qf2+ 76. Kh3 Qf3+ 77. Kh4 Qf2+ 78. Kg4 Qg1+ 79. Kf5 Qc5+ 80. Kg6 Qd6+ 81. Kf7 Qd7+ 82.
Kg6 Qe6+ 83. Qf6 Qxf6# 0-1

[Event "Early-Titled-Tuesday-Blitz-January-23-2024"]
[Site "Chess.com"]
[Date "2024.01.23"]
[Round "4"]
[White "Martial2008"]
[Black "Practical-Play"]
[Result "0-1"]
[WhiteElo "2661"]
[BlackElo "2503"]
[TimeControl "180+1"]
[EndTime "8:40:40 PST"]
[Termination "Practical-Play won on time"]

1. d4 d5 2. Nf3 Nf6 3. Bf4 c5 4. e3 Bf5 5. Nbd2 e6 6. Bb5+ Nbd7 7. c3 a6 8. Ba4 Be7 9. Ne5 O-O 10. Bc2 Bxc2 11.
Qxc2 Nh5 12. Nxd7 Qxd7 13. Nf3 cxd4 14. cxd4 Bb4+ 15. Ke2 Rac8 16. Qd3 Nxf4+ 17. exf4 Qc7 18. g3 Qc2+ 19. Qxc2 Rxc2+ 20. Ke3 Rxb2 21. Rhb1 Rxb1 22.
Rxb1 a5 23. Ne5 Rc8 24. Nd3 Rc4 25. Nxb4 axb4 26. Kd3 Kf8 27. Rb3 b5 28. Rb1 Ke7 29. Rb3 Kd6 30. a3 bxa3 31. Rxa3 b4 32. Ra6+ Rc6 33.
Ra7 Rc3+ 34. Kd2 Rc7 35. Ra6+ Rc6 36. Ra7 Rc7 37. Ra6+ Kd7 38. Rb6 Rc4 39. Kd3 Kc7 40. Rb5 h5 41. h4 g6 42. Ra5 b3 43. Rb5 Rc1 44. Rxb3 Rd1+ 45. Ke3 Re1+ 46. Kd2 Ra1 47.
Rc3+ Kd7 48. Rb3 Ra2+ 49. Ke3 Ke7 50. Rb7+ Kf6 51. Rb4 Ra3+ 52. Ke2 Ra2+ 53. Kf3 Ra3+ 54. Kg2 Ra2 55. Rb3 Rd2 56. Rb4 Rc2 57. Kf3 Ra2 58. Rb3 Rd2 59. Ke3 Ra2 60. Rc3 Rb2 61. Rc7 Rb3+ 62. Kd2 Rb4 63. Kc3 Rb1 64. Kd3 Rf1 65. Ke2 Ra1 66. f5 gxf5 67. Kf3 Ra4 68. Ke3 Ra3+ 69.
Ke2 Ra4 70. Ke3 Ra2 71. Rc8 Ra1 72. Rh8 Kg6 73. Rg8+ Kf6 74. Rg5 Ra3+ 75. Ke2 Ra4 76. Ke3 Ra3+ 77. Kf4 Ra4 78. Rxh5 Rxd4+ 79. Kf3 Ra4 80.
Rh8 d4 81. Rd8 e5 82. h5 d3 83. Ke3 e4 84. h6 Kg6 85. Rd6+ Kh7 86. Rf6 Ra2 87.
Rxf7+ Kxh6 88. Rxf5 Re2+ 89. Kd4 d2 90. Rf6+ Kg7 0-1

[Event "Early-Titled-Tuesday-Blitz-January-23-2024"]
[Site "Chess.com"]
[Date "2024.01.23"]
[Round "4"]
[White "Maftuna2303"]
[Black "Gennady_Kozlov"]
[Result "1-0"]
[WhiteElo "2445"]
[BlackElo "2639"]
[TimeControl "180+1"]
[EndTime "8:40:42 PST"]
[Termination "Maftuna2303 won by checkmate"]

1. e4 e6 2. d4 d5 3. Nd2 dxe4 4. Nxe4 Nd7 5. Nf3 Ngf6 6. Nxf6+ Nxf6 7. Be2 c5 8. O-O Bd7 9. Ne5 Bd6 10. Bf3 Rb8 11.
Nxd7 Qxd7 12. dxc5 Bxc5 13. Bf4 Rd8 14. Qe2 O-O 15. Rfd1 Qe7 16. Be3 Bxe3 17. Qxe3 b6 18. a4 Qb4 19. b3 h6 20. Qe2 Rxd1+ 21. Rxd1 Rc8 22. Qd3 Rc3 23. Qd8+ Kh7 24. Be2 Nd5 25. Bd3+ g6 26. Qe8 Kg7 27. Rf1 Qe7 28. Qb8 Qc7 29.
Qe8 Nb4 30. Bc4 Nxc2 31. h4 Nd4 32. h5 gxh5 33. Re1 Nf5 34. Qa8 h4 35. Qe4 h5 36.
Qe2 Qf4 37. Qxh5 Rc2 38. Rf1 Rd2 39. Bb5 Qh6 40. Qg4+ Qg6 41. Qf4 Rb2 42. Bd3 Rxb3 43. Bxf5 Qxf5 44. Qxh4 Qf6 45. Qg4+ Qg6 46. Qd4+ Qf6 47.
Qg4+ Kf8 48. Rd1 Rc3 49. Qe4 Rc8 50. Qb7 Rd8 51. Rf1 Qe7 52. Qc6 Qd7 53. Qf3 Qd5 54. Qf6 Rd7 55. Qh8+ Ke7 56. Rc1 Qd3 57. Qh4+ f6 58.
Re1 Qd2 59. Qh7+ Kd6 60. Qb1 e5 61. Rd1 Qxd1+ 62. Qxd1+ Ke6 63. Qb3+ Ke7 64. Qb5 Rd6 65. Kh2 Rd7 66. Kg3 Ke6 67. Kg4 Rd4+ 68. Kg3 Rd5 69. Qc6+ Rd6 70. Qb7 Rd7 71. Qc8 Ke7 72.
Qc6 Rd6 73. Qb5 Rd7 74. a5 bxa5 75. Qxa5 Ke6 76. Qa6+ Ke7 77. Kg4 Rd4+ 78. Kf5 Rf4+ 79. Kg6 Rg4+ 80. Kh6 Rf4 81. Qxa7+ Ke6 82. f3 Kf5 83.
Qd7# 1-0

[Event "Early-Titled-Tuesday-Blitz-January-23-2024"]
[Site "Chess.com"]
[Date "2024.01.23"]
[Round "4"]
[White "SandwichOSaumon"]
[Black "PepeCuenca"]
[Result "1/2-1/2"]
[WhiteElo "2536"]
[BlackElo "2714"]
[TimeControl "180+1"]
[EndTime "8:40:49 PST"]
[Termination "Game drawn by repetition"]

1. e4 c5 2. Nc3 Nc6 3. Bb5 Nd4 4. Nf3 e6 5. O-O a6 6. Bd3 Nc6 7. b3 g6 8. e5 Bg7 9. Re1 Qc7 10. Qe2 d5 11. exd6 Qxd6 12. Bb2 Qd8 13. Rab1 Nd4 14. Nxd4 cxd4 15. Ne4 Ne7 16. Ba3 O-O 17. Nd6 Rb8 18. Qf3 b5 19. Nxc8 Rxc8 20. Bxe7 Qxe7 21. a4 Qb4 22. axb5 axb5 23. Qe2 Bh6 24. Red1 Rc7 25. Ra1 Rb8 26. Ra6 Qc5 27. g3 Bg7 28. Rda1 h5 29. Ra8 Rcc8 30. R8a7 Bh6 31. Rd7 Rc7 32. Rxc7 Qxc7 33.
f4 Qc5 34. Kf2 h4 35. Qe4 Qb4 36. Ke2 Qc5 37. Ra8 Rxa8 38. Qxa8+ Kg7 39. Qe4 hxg3 40.
hxg3 b4 41. Qf3 Kg8 42. Qa8+ Bf8 43. Qe4 Bd6 44. Qf3 Kg7 45. Qa8 Qh5+ 46. Qf3 Qh2+ 47. Qf2 Qh5+ 48. Qf3 Qc5 49. Qe4 Be7 50. Qe5+ Qxe5+ 51. fxe5 Bg5 52. Be4 Kf8 53. d3 Bh6 54. g4 Bg7 55.
Kf3 Bxe5 56. Ba8 Ke7 57. Bb7 Kd6 58. Ba8 f5 59. Bb7 Ke7 60. Bc8 Kf6 61. Bd7 Bd6 62. Bc8 e5 63. Bd7 Kg5 64. gxf5 gxf5 65. Bc6 Kf6 66. Bb7 Bf8 67. Ba8 Bh6 68. Bb7 Kg5 69. Ba8 Bf8 70. Bb7 Kf6 71. Bc8 Be7 72.
Bb7 Kg5 73. Bc8 Bf8 74. Bd7 Bh6 75. Bc8 Kf6 76. Bd7 Kg6 77. Bc8 Kf6 78. Bd7 Bc1 79. Bc8 Bb2 80. Bd7 Bc3 81. Bc8 Kg5 82. Bd7 f4 83. Bc8 Bd2 84. Bd7 Be3 85. Bc8 Kh4 86. Bb7 Kh3 87. Ba6 Kh2 88. Ke2 Kg1 89. Bb7 Kh2 90. Be4 Kg3 91. Bf3 Bc1 92. Be4 Bb2 93. Bf3 Bc3 94. Be4 Kh2 95. Bf3 Kg1 96. Be4 Bb2 97.
Bf3 Bc1 98. Be4 Be3 99. Bf3 Kh2 100. Be4 Kg3 101. Bf3 Kh4 102. Be4 Kg5 103. Bf3 Kf6 104. Be4 Ke7 105. Bf3 Kd6 106. Be4 Kc5 107. Bf3 Kb5 108. Be4 Kc5 109. Bf3 Kd6 110. Be4 Ke6 111. Bf3 Kf5 112. Be4+ Kg5 113. Bf3 Kh4 114. Be4 Kg3 1/2-1/2

[Event "Early-Titled-Tuesday-Blitz-January-23-2024"]
[Site "Chess.com"]
[Date "2024.01.23"]
[Round "4"]
[White "ilya2700"]
[Black "chess123456s"]
[Result "0-1"]
[WhiteElo "2344"]
[BlackElo "2549"]
[TimeControl "180+1"]
[EndTime "8:40:49 PST"]
[Termination "chess123456s won by resignation"]

1. d4 Nf6 2. c4 g6 3. Nc3 Bg7 4.
e4 d6 5. f4 O-O 6. Nf3 c5 7. d5 e6 8. Be2 exd5 9. cxd5 Re8 10. Nd2 a6 11. a4 h5 12. h3 Nbd7 13. O-O Nf8 14. a5 N8d7 15. Bf3 b5 16. axb6 Nxb6 17.
Re1 Bb7 18. g4 hxg4 19. hxg4 Qe7 20. Rf1 Nfd7 21. Kg2 c4 22. Qe2 Nc5 23. Qf2 Rac8 24. Rh1 Nbd7 25. g5 Nd3 26. Qh4 N7c5 27. Nf1 Nb3 28.
Rb1 Nbxc1 29. Ng3 Nb3 30. f5 Qe5 31. f6 Nf4+ 32. Kf1 Nd2+ 33. Kf2 Qd4+ 34. Ke1 Nxf3+ 35. Kf1 Nxh4 36. Rxh4 Qd3+ 37. Kf2 Qd2+ 38. Kf3 Nd3 39. fxg7 Qf2+ 40. Kg4 Qf4+ 41. Kh3 Qxg5 42. Rh1 Nf4+ 43. Rxf4 Qxf4 44. Rg1 Kxg7 45. Nh5+ Kh6 46. Nxf4 Re5 47. Rg4 Rce8 48. Rh4+ Kg7 49. Nfe2 Bc8+ 50. Kg3 Rh8 51. Rf4 Rh1 52. Nd4 Rg1+ 53. Kf2 Rgg5 54. Nc6 Bd7 55.
Nxe5 Rxe5 56. Rf3 f5 57. exf5 Rxf5 58. Rxf5 Bxf5 59. Ke3 Kf6 60. Kd4 Bd3 61. b3 cxb3 62. Kxd3 Ke5 63. Kc4 g5 64. Kxb3 g4 65. Ne2 Kxd5 66.
Kc2 Ke4 67. Kd2 a5 68. Nc3+ Kf3 69. Ke1 g3 70. Kf1 Ke3 71. Kg2 Kd3 72. Nb5 d5 73.
Kxg3 Kc4 74. Nd6+ Kb4 75. Kf3 a4 76. Nf5 a3 77. Nd4 a2 78. Nc2+ Kc3 79. Ne3 a1=Q 80. Nxd5+ Kd4 81. Nf4 Qf1+ 82. Kg3 Ke4 83. Ng2 Qf3+ 84.
Kh2 Qg4 85. Ne1 Qh4+ 86. Kg2 Qxe1 87. Kh2 Qf2+ 0-1

[Event "Early-Titled-Tuesday-Blitz-January-23-2024"]
[Site "Chess.com"]
[Date "2024.01.23"]
[Round "4"]
[White "IlanSchnaider"]
[Black "Giorno"]
[Result "0-1"]
[WhiteElo "2782"]
[BlackElo "2540"]
[TimeControl "180+1"]
[EndTime "8:40:53 PST"]
[Termination "Giorno won on time"]

1. e4 Nf6 2. e5 Nd5 3. d4 d6 4. Nf3 dxe5 5. Nxe5 g6 6. Bc4 c6 7. Nc3 Be6 8. Qf3 Bg7 9. Nxd5 Bxd5 10. Qb3 Bxc4 11.
Nxc4 Qc8 12. Be3 O-O 13. O-O-O Nd7 14. h4 Nf6 15. f3 Qe6 16. Rde1 b5 17. Ne5 Qxb3 18.
axb3 Rfc8 19. c4 a5 20. Bg5 a4 21. Kc2 axb3+ 22. Kxb3 bxc4+ 23. Kxc4 Nd5 24. Bd2 e6 25. Ra1 Rab8 26. b4 Bf8 27. Nd7 Ra8 28. Nxf8 Kxf8 29. h5 Ke7 30. hxg6 hxg6 31. Kb3 Kf6 32. Rhc1 Rxa1 33.
Rxa1 Rh8 34. Rc1 Rh2 35. Rg1 Ke7 36. Kc4 Kd6 37. Bc1 Rh8 38. Bd2 Ra8 39. Kb3 Rb8 40. g4 e5 41. dxe5+ Kxe5 42. Re1+ Kd4 43. Re4+ Kd3 44.
Bc1 c5 45. Ba3 Nxb4 46. Ka4 Nc2 47. Bxc5 Rc8 48. Bb6 Rc6 49. Ba5 Rf6 50. Re5 Rxf3 51. Rd5+ Ke2 52. Rd7 Ne3 53. Kb3 Nxg4+ 54. Kc2 Kf2 55.
Kd2 Kg2 56. Rd8 Ne5 57. Ke2 Rf2+ 58. Ke1 Nf3+ 59. Kd1 g5 60. Bb6 Rf1+ 61. Kc2 g4 62. Rg8 g3 63. Bc7 Ne1+ 64. Kd2 Nf3+ 65. Kc2 Ne1+ 66.
Kd2 Rf3 67. Kxe1 f5 68. Bb8 f4 69. Ke2 Rf2+ 70. Ke1 Kf3 71. Rf8 Kg4 72. Rg8+ Kh3 73. Rh8+ Kg2 74. Rf8 f3 75. Bxg3 Rf1+ 76. Kd2 Kxg3 77.
Ke3 Re1+ 78. Kd2 Re4 79. Kd3 Re5 80. Kd4 Re6 81. Rg8+ Kf2 82. Kd3 Rd6+ 83. Kc3 Ke2 84. Re8+ Kf1 85. Kc2 f2 86. Rf8 Rd4 87. Kc3 Rg4 88.
Kd2 Kg1 89. Ke2 Re4+ 90. Kd3 Re6 91. Rg8+ Kh2 92. Rh8+ Kg2 93. Rg8+ Kf1 94. Kd2 Re5 95. Kd3 Ke1 0-1

[Event "Early-Titled-Tuesday-Blitz-January-23-2024"]
[Site "Chess.com"]
[Date "2024.01.23"]
[Round "4"]
[White "DarZay"]
[Black "otrov-11"]
[Result "1/2-1/2"]
[WhiteElo "2273"]
[BlackElo "2504"]
[TimeControl "180+1"]
[EndTime "8:41:05 PST"]
[Termination "Game drawn by stalemate"]

1. e4 e6 2. d4 d5 3. exd5 exd5 4. Bd3 c5 5. c3 Nf6 6. Nf3 Nc6 7. Ne5 cxd4 8. cxd4 Nxd4 9. Bg6 hxg6 10. Qxd4 Bd6 11. O-O O-O 12. f4 Ne4 13. b4 a5 14. Nd2 Bxb4 15.
Nxe4 dxe4 16. Qxe4 Bf5 17. Qf3 Re8 18. Be3 Qe7 19.
Rac1 f6 20. Nc4 b5 21. Qd5+ Be6 22. Qxb5 Bxc4 23. Qxc4+ Qe6 24. Qxe6+ Rxe6 25. Bc5 Re4 26.
Bxb4 axb4 27. Rc2 Rd8 28. g3 Rd3 29. Rb1 Ra3 30. Rcb2 Ree3 31. Rxb4 Rxa2 32. R4b2 Ra4 33. Rb3 Re2 34. R3b2 Re6 35. Rb8+ Kh7 36. Kf2 Ra5 37. R1b2 g5 38. fxg5 Rxg5 39. Rf8 Rf5+ 40. Kg2 Rd5 41. Rf7 Kh6 42. Rbb7 Rd2+ 43. Kf3 g6 44. Rh7+ Kg5 45. h4+ Kf5 46. g4+ Ke5 47. Rb5+ Kd6 48. Rh8 Rd3+ 49. Kf2 Kc6 50. Rhb8 Re4 51. R5b6+ Kd7 52. Rxf6 Rxg4 53. Rb7+ Ke8 54. Ra6 Rd8 55. Rg7 Kf8 56. Rgxg6 Rxg6 57. Rxg6 Kf7 58. Rh6 Kg7 59. Rh5 Kg6 60. Rg5+ Kh6 61.
Kg3 Ra8 62. Kg4 Ra4+ 63. Kh3 Ra3+ 64. Rg3 Ra4 65. Rg4 Ra3+ 66. Rg3 Ra4 67. Re3 Ra6 68. Re4 Ra5 69. Kg4 Ra6 70. Rd4 Rb6 71. Re4 Rc6 72. Rf4 Rd6 73. Rf5 Rc6 74. Rh5+ Kg6 75. Rg5+ Kh6 76.
Re5 Rg6+ 77. Kf4 Rf6+ 78. Rf5 Rg6 79. Rg5 Rf6+ 80. Kg4 Ra6 81. Re5 Ra4+ 82. Kg3 Ra6 83. Rf5 Re6 84. Rf8 Rd6 85. Kg4 Kg7 86. Rf5 Rd4+ 87. Kg5 Rd7 88. h5 Kh7 89. h6 Re7 90.
Rc5 Rd7 91. Rf5 Rb7 92. Rf6 Rc7 93. Rf5 Rd7 94. Re5 Rc7 95. Rf5 Rd7 96. Rb5 Rc7 97.
Re5 Rd7 98. Kh5 Rc7 99. Rg5 Rd7 100. Rg4 Rd5+ 101. Rg5 Rxg5+ 102. Kxg5 Kh8 103. Kg6 Kg8 104. h7+ Kh8 105. Kh6 1/2-1/2

[Event "Early-Titled-Tuesday-Blitz-January-23-2024"]
[Site "Chess.com"]
[Date "2024.01.23"]
[Round "4"]
[White "GoValya"]
[Black "CarlosjPineror"]
[Result "0-1"]
[WhiteElo "2298"]
[BlackElo "2606"]
[TimeControl "180+1"]
[EndTime "8:41:40 PST"]
[Termination "CarlosjPineror won by checkmate"]

1. d4 Nf6 2. g3 g6 3. Bg2 Bg7 4. c4 O-O 5. Nc3 d6 6. Nf3 c6 7. e4 Nbd7 8. O-O e5 9. h3 Re8 10. Re1 a5 11. Be3 Qc7 12. Qc2 h6 13. a3 g5 14. b4 Nh7 15. c5 axb4 16. axb4 Rxa1 17. Rxa1 exd4 18. Bxd4 dxc5 19. bxc5 Bxd4 20. Nxd4 Nxc5 21. Nf5 Bxf5 22. exf5 Nf6 23. g4 Qe5 24. Rc1 Nfd7 25. Nd1 Qe1+ 26. Kh2 Qe2 27. Ne3 Qxc2 28. Rxc2 Kg7 29.
Nc4 Rb8 30. Nd6 Kf6 31. Re2 Kg7 32. Kg3 Ra8 33. Re7 Kf8 34. Rxf7+ Kg8 35. Re7 Ra3+ 36. Kh2 Ra2 37. Nxb7 Rxf2 38. Nxc5 Nxc5 39. Kg3 Rc2 40. Bxc6 Rc3+ 41. Bf3 Kf8 42. Rc7 Ne4+ 43. Kg2 Rxc7 44. Bxe4 Ke7 45. Kf3 Kf6 46. Bd5 Ke5 47. Be6 Rc3+ 48.
Kg2 Ra3 49. Kh2 Rc3 50. Kg2 Rc6 51. Kf3 Kd4 52. Bd7 Rd6 53. Be6 Rb6 54. Ke2 Ke4 55. Kf2 Kf4 56. Kg2 Rb2+ 57. Kf1 Kg3 58. f6 Rb8 59. f7 Rf8 60. Ke2 Kxh3 61. Kf3 Kh4 62.
Kg2 h5 63. gxh5 Kxh5 64. Kg3 Kg6 65. Kg4 Kf6 66. Bc4 Rc8 67. Bd5 Rb8 68. Bc4 Ra8 69.
Bd5 Ra4+ 70. Kg3 Kg7 71. Bc6 Ra3+ 72. Kg4 Kxf7 73. Kxg5 Ra5+ 74. Kf4 Kf6 75. Be4 Ra4 76. Ke3 Ke5 77. Bd3 Ra3 78. Ke2 Kd4 79. Bg6 Ra6 80. Bf5 Rh6 81. Bg4 Rf6 82. Bf3 Re6+ 83. Kd2 Rf6 84.
Ke2 Re6+ 85. Kd2 Ra6 86. Ke2 Ra2+ 87. Kf1 Ke3 88. Bd5 Ra5 89. Bc6 Rc5 90. Bb7 Rc7 91.
Bd5 Rd7 92. Bc6 Rf7+ 93. Kg2 Rg7+ 94. Kf1 Rg5 95. Bb7 Rc5 96. Kg2 Rg5+ 97. Kf1 Rg3 98. Bc6 Rg6 99. Bb7 Rb6 100. Ba8 Rb2 101. Bc6 Rf2+ 102. Kg1 Rc2 103. Bd5 Kd4 104. Bf3 Ke3 105. Bd5 Rf2 106.
Bc6 Rf6 107. Bd5 Kf4 108. Bg2 Kg3 109. Bd5 Rf2 110. Bc6 Rc2 111. Bb5 Rc1+ 112. Bf1 Ra1 113. Kh1 Rxf1# 0-1